 Dungeon Crawl Stone Soup version 0.29-a0-221-gceb61267dd (webtiles) character file.

Game seed: 13743434688585100775

515 Crownlay the Digger (level 7, -2/36 HPs)
             Began as a Gargoyle Earth Elementalist on Feb 26, 2022.
             Was an Initiate of Vehumet.
             Slain by an ogre
             ... wielding a +0 giant spiked club
              (22 damage)
             ... on level 4 of the Dungeon.
             The game lasted 00:10:02 (4768 turns).

Crownlay the Digger (Gargoyle Earth Elementalist)   Turns: 4768, Time: 00:10:03

Health: -2/36      AC:  6    Str: 12    XL:     7   Next: 20%
Magic:  7/15       EV: 11    Int: 17    God:    Vehumet [......]
Gold:   180        SH:  0    Dex: 10    Spells: 11/17 levels left

rFire   . . .      SeeInvis .   e - +0 dagger
rCold   . . .      Faith    .   (no shield)
rNeg    + . .      Spirit   .   b - +0 robe
rPois   ∞          Reflect  .   (no helmet)
rElec   +          Harm     .   (no cloak)
rCorr   .          Rampage  .   (no gloves)
Will    .....                   (no boots)
Stlth   ++........              (no amulet)
HPRegen 0.12/turn               (no ring)
MPRegen 0.14/turn               (no ring)

@: no status effects
A: sickness immunity, AC +4, negative energy resistance 1, electricity
resistance, torment resistance 1, petrification resistance
a: Renounce Religion


You were on level 4 of the Dungeon.
You worshipped Vehumet.
Vehumet was noncommittal.
You visited 2 branches of the dungeon, and saw 5 of its levels.

You collected 180 gold pieces.

Inventory:

Hand Weapons
 e - a +0 dagger (weapon)
Missiles
 a - 62 stones
 s - a throwing net
Armour
 b - a +0 robe (worn)
Jewellery
 l - a +6 ring of strength
 p - a ring of flight
 u - a +4 ring of evasion
Wands
 t - a wand of iceblast (13)
Scrolls
 d - 2 scrolls of teleportation
 f - a scroll of summoning {unknown}
 j - 2 scrolls of identify {unknown}
 k - a scroll of magic mapping {unknown}
 m - a scroll of blinking {unknown}
 n - a scroll of noise {unknown}
 o - 2 scrolls of torment {unknown}
 r - a scroll of vulnerability {unknown}
Potions
 c - 2 potions of attraction {unknown}
 g - 2 potions of haste {unknown}
 h - a potion of mutation {unknown}
 i - 4 potions of heal wounds
 q - 3 potions of curing {unknown}


   Skills:
 - Level 1.5 Dodging
 - Level 2.1 Stealth
 * Level 5.7 Spellcasting
 + Level 1.0 Conjurations
 - Level 0.7 Transmutations
 + Level 6.1 Earth Magic


You had 11 spell levels left.
You knew the following spells:

 Your Spells              Type           Power      Damage    Failure   Level
a - Sandblast             Erth           50%        2d12      1%          1
b - Passwall              Tmut/Erth      13%        N/A       4%          2
c - Stone Arrow           Conj/Erth      34%        3d9       9%          3

Your spell library contained the following spells:

 Spells                   Type           Power      Damage    Failure   Level
 Petrify                  Tmut/Erth      16%        N/A       32%         4
 Animate Armour           Summ/Erth      30%        N/A       36%         4
 Lehudib's Crystal Spear  Conj/Erth      8%         10d4      100%        8


Dungeon Overview and Level Annotations

Branches:
Dungeon (4/15)             Temple (1/1) D:4

Altars:
Dithmenos
Okawaru
Qazlal
Vehumet
Zin


Innate Abilities, Weirdness & Mutations

You are immune to sickness and miasma.
Your stone body is resilient. (AC +4)
You are immune to poison.
You resist negative energy. (rN+)
You are resistant to electric shocks. (rElec)
You are resistant to unholy torment.
You are immune to petrification.


Message History

The ogre is almost dead.
Casting: Sandblast (safe; 1% risk of failure)
Confirm with . or Enter, or press ? or * to list all spells.
Aiming: Sandblast (safe; 1% risk of failure)
Press: ? - help, Shift-Dir - straight line, f/p - ogre
Aim: an ogre, wielding a +0 giant club (almost dead, 91% to hit)
The blast of sand hits the ogre!!
You kill the ogre!
Vehumet accepts your kill.
Your Conjurations skill increases to level 1!
You have reached level 7!
Casting: Sandblast (safe; 1% risk of failure)
Confirm with . or Enter, or press ? or * to list all spells.
Aiming: Sandblast (safe; 1% risk of failure)
Press: ? - help, Shift-Dir - straight line, f - goblin
Aim: a goblin, wielding a +0 dagger (76% to hit)
The blast of sand hits the goblin!
You kill the goblin!
Vehumet accepts your kill.
Casting: Sandblast (safe; 1% risk of failure)
Confirm with . or Enter, or press ? or * to list all spells.
Aiming: Sandblast (safe; 1% risk of failure)
Press: ? - help, Shift-Dir - straight line, f - quokka
Aim: a quokka (73% to hit)
The blast of sand hits the quokka!
You kill the quokka!
Vehumet accepts your kill.
There is an escape hatch in the ceiling here.
An ogre comes into view. It is wielding a +0 giant spiked club.
The ogre shouts!
The stone arrow hits the ogre!
The ogre is heavily wounded.
The stone arrow hits the ogre!
The ogre is almost dead.
The blast of sand hits the ogre.
The ogre is almost dead.
The blast of sand misses the ogre.
The ogre hits you with a +0 giant spiked club!!
Ouch! That really hurt!
You die...

#............... ..##.#
#.......?.....# #.##.#
......#...##..# #.##.#
##... ##.## ..# #.##.#
##. #)# #.# #.##.## #
#.# #.# #.#...# #.# #.#
#..###. #O# ##.## #.##
## #.####@###...####.#
# #..........#......##
##
#.########...#.###.###.
##.##.# ##...#
####.##.########
#####...............
.....).))#..########
#####.##).#.# #.... #.
#.)#.####.###


You could see an ogre.

Vanquished Creatures
  An ogre (D:4)
  A sky beast (D:4)
  A scorpion (D:3)
  An orc priest (D:4)
  A jelly (D:4)
  Jessica (D:3)
  Natasha (thrice) (D:3)
  4 adders
  3 worms
  2 dart slugs
  9 orcs (D:4)
  9 bats
  2 endoplasms
  3 goblins
  3 hobgoblins (D:1)
  4 jackals (D:2)
  9 quokkas
  A ball python (D:1)
  5 frilled lizards
  4 kobolds
  8 rats
75 creatures vanquished.

Notes
Turn   | Place    | Note
-------+----------+-------------------------------------------
     0 | D:1      | Crownlay the Gargoyle Earth Elementalist began the quest
                  | for the Orb.
     0 | D:1      | Reached XP level 1. HP: 10/10 MP: 3/3
   597 | D:1      | Reached XP level 2. HP: 15/15 MP: 5/5
  1296 | D:2      | Reached skill level 4 in Earth Magic
  1315 | D:2      | Reached XP level 3. HP: 14/19 MP: 0/7
  1322 | D:2      | Learned a level 2 spell: Passwall
  1326 | D:2      | Learned a level 3 spell: Stone Arrow
  2518 | D:2      | Found a shadowy altar of Dithmenos.
  3167 | D:3      | Reached XP level 4. HP: 24/24 MP: 5/9
  3242 | D:3      | Noticed Natasha
  3246 | D:3      | Found a faded altar of an unknown god.
  3270 | D:3      | Killed Natasha
  3285 | D:3      | Noticed Natasha
  3287 | D:3      | Killed Natasha
  3388 | D:3      | Noticed Jessica
  3394 | D:3      | Killed Jessica
  3395 | D:3      | Reached XP level 5. HP: 22/28 MP: 4/11
  3415 | D:3      | Noticed Natasha
  3420 | D:3      | Killed Natasha
  3421 | D:3      | Reached skill level 5 in Earth Magic
  4101 | D:3      | Reached XP level 6. HP: 32/32 MP: 7/13
  4280 | D:4      | Found a staircase to the Ecumenical Temple.
  4280 | D:4      | Noticed a sky beast
  4282 | D:4      | Killed a sky beast
  4283 | D:4      | Reached skill level 5 in Spellcasting
  4291 | Temple   | Entered the Ecumenical Temple
  4337 | Temple   | Became a worshipper of Vehumet
  4425 | D:4      | Reached skill level 6 in Earth Magic
  4654 | D:4      | Reached skill level 1 in Conjurations
  4654 | D:4      | Reached XP level 7. HP: 6/36 MP: 10/15
  4768 | D:4      | Slain by an ogre

Illustrated notes

Levels and vault maps discovered:
D:1:      giann_forest_graveyard, layout_loops_corners
D:2:      layout_basic, basic_altar
D:3:      layout_basic, basic_ecumenical_altar, corexii_corridor_pit,
          uniq_natasha, uniq_jessica
D:4:      layout_loops_ring, minmay_temple_entry_hall
Temple:   regret_index_temple_sphere_string

Skill      XL: |  1  2  3  4  5  6 |
---------------+-------------------+-----
Earth Magic    | 4 5 6 |  6.1
Spellcasting   | 3 4 5 |  5.7
Conjurations   | 1 |  1.0
Dodging        | |  1.5
Stealth        | |  2.1
Transmutations | |  0.7

Action                   |  1- 3 |  4- 6 |  7- 9 || total
-------------------------+-------+-------+-------++-------
Melee: Unarmed           |    16 |       |       ||    16
       Dagger            |    79 |    51 |       ||   130
 Cast: Sandblast         |    31 |    55 |     4 ||    90
       Stone Arrow       |       |       |     2 ||     2
  Use: Scroll            |       |     1 |       ||     1
 Stab: Sleeping          |     3 |       |       ||     3
Armor: Robe              |    49 |    31 |       ||    80
Dodge: Dodged            |    64 |    41 |       ||   105

Table legend: (Time is in decaauts)
 A = Elapsed time spent in this place.
 B = Non-inter-level travel time spent in this place.
 C = Inter-level travel time spent in this place.
 D = Time resting spent in this place.
 E = Time spent auto-exploring this place.
 F = Levels seen in this place.
 G = Mean time per level.
                   A        B        C        D        E       F      G
               +--------+--------+--------+--------+--------+-----+--------+
         Total |   4767 |   4689 |     78 |      0 |   4129 |   5 |  953.4 |
       Dungeon |   4710 |   4642 |     68 |      0 |   4092 |   4 | 1177.5 |
        Temple |     56 |     46 |     10 |      0 |     37 |   1 |   56.0 |
               +--------+--------+--------+--------+--------+-----+--------+

Top non-repeatable levels by time:
     D:2: 1861 daAuts
     D:1: 1293 daAuts
     D:3: 1104 daAuts
     D:4: 450 daAuts
  Temple: 56 daAuts
